AoeStats
← _BeTo_

Arabia

510042074Analyzed
1v1 RM · 3d ago on Sep 29, 2026· 38m 31s· 2 players
Game mode
Random Map
Map size
Tiny (2 player)
Population
200
Speed
Normal
Resources
Standard
Victory
Conquest
Starting age
Dark Age
Ending age
Imperial Age
RankedLock teamsTeams togetherTeam positionsShared explorationLock speedFull tech treeHidden civsTurbo modeCheats
Victory
Defeat
🇲🇽 Huns · Mexico
1662
+13
🇰🇷 Burgundians · South Korea
1592
-13
Mr. HaHa
6:36 Loom
9:21 Feudal Age
9:31 Man-at-Arms
16:31 Double-Bit Axe
16:37 Horse Collar
17:56 Fletching
23:01 Castle Age
21:51 Padded Archer Armor
23:04 Elite Skirmisher
24:00 Bow Saw
24:05 Bodkin Arrow
24:25 Leather Archer Armor
26:16 Two-Man Saw
26:19 Pikeman
27:10 Scale Mail Armor
30:49 Chain Mail Armor
33:37 Ballistics
34:03 Wheelbarrow
35:01 Town Watch
35:28 Husbandry
34:48 Cavalier
36:24 Squires
_BeTo_
6:57 Loom
9:41 Feudal Age
11:56 Double-Bit Axe
12:20 Town Watch
20:04 Castle Age
19:00 Fletching
20:14 Bloodlines
20:55 Bow Saw
20:50 Padded Archer Armor
20:48 Bodkin Arrow
21:20 Husbandry
23:05 Padded Archer Armor
23:45 Wheelbarrow
24:47 Ballistics
25:48 Scale Barding Armor
30:20 Horse Collar
31:27 Leather Archer Armor
32:18 Chain Barding Armor
33:15 Forging
33:18 Gold Mining
37:32 Imperial Age
35:21 Heavy Plow
36:18 Iron Casting
36:45 Hand Cart
37:35 Cavalier
38:51 Plate Barding Armor
Connection lost

Rejoining the realm…

Still unreachable

The connection could not be restored.

Session expired

The server has moved on; the page needs a fresh start.